 Dungeon Crawl Stone Soup version 0.19.5 (webtiles) character file.

27 tidbits the Gusty (level 2, -23/17 HPs)
             Began as a High Elf Air Elementalist on Nov 8, 2017.
             Was an Initiate of Okawaru.
             Killed from afar by a giant cockroach (36 damage)
             ... with an exploding inner flame
             ... hexed by the player character
             ... on level 3 of the Dungeon.
             The game lasted 00:05:41 (585 turns).

tidbits the Gusty (High Elf Air Elementalist)        Turns: 585, Time: 00:05:41

Health: -23/17     AC:  2    Str:  7    XL:     2   Next: 93%
Magic:  1/6        EV: 13    Int: 18    God:    Okawaru [......]
Gold:   64         SH:  0    Dex: 15    Spells: 1 memorised, 5 levels left

rFire  . . .     SeeInvis .     c - bread ration
rCold  . . .     Gourm    .     B - +0 robe
rNeg   . . .     Faith    .     (no shield)
rPois  .         Spirit   .     (no helmet)
rElec  .         Reflect  .     (no cloak)
rCorr  .         Harm     .     (no gloves)
MR     .....                    (no boots)
Stlth  ++........               (no amulet)
                                (no ring)
                                (no ring)

@: lethally poisoned (-23 -> -28)
A: no striking features
a: Renounce Religion


You were on level 3 of the Dungeon.
You worshipped Okawaru.
Okawaru was noncommittal.
You were not hungry.

You visited 1 branch of the dungeon, and saw 3 of its levels.

You collected 64 gold pieces.

Inventory:

Hand Weapons
 d - a +0 short sword
   (You took it off a kobold on level 1 of the Dungeon)
Missiles
 e - 22 stones (quivered)
 f - 19 arrows
 h - 35 bolts
Armour
 B - a +0 robe (worn)
Scrolls
 g - a scroll of recharging {unknown}
 i - a scroll of identify {unknown}
 k - a scroll of remove curse {unknown}
 m - a scroll of magic mapping {unknown}
Potions
 j - 2 potions of curing {unknown}
 l - a potion of flight {unknown}
Books
 b - a book of Air

   Spells                             Type                      Level
   a - Shock                          Conjuration/Air              1
   b - Swiftness                      Charms/Air                   2
   c - Repel Missiles                 Charms/Air                   2
   d - Static Discharge               Conjuration/Air              3
   e - Lightning Bolt                 Conjuration/Air              5
Comestibles
 c - a bread ration (in hand)


   Skills:
 - Level 2.1 Dodging
 - Level 2.1 Stealth
 + Level 2.8 Spellcasting
 * Level 2.1 Conjurations
 * Level 4.2 Air Magic


You had 5 spell levels left.
You knew the following spells:

 Your Spells              Type           Power        Failure   Level  Hunger
a - Shock                 Conj/Air       ##..         6%          1    None


Dungeon Overview and Level Annotations

Branches:
Dungeon (3/15)

Altars:
Okawaru
Trog

Annotations:
D:3 Robin


Message History

Aiming: Shock
Press: ? - help, Shift-Dir - straight line, f - bat
Aim: a bat (resting)
The zap hits the bat.
You kill the bat!
Okawaru accepts your kill.
There is an open door here.
A kobold comes into view. It is wielding a dagger.
Found a scroll labeled PIT VIFY UCW.
Casting: Shock
Confirm with . or Enter, or press ? or * to list all spells.
Aiming: Shock
Press: ? - help, Shift-Dir - straight line, f - kobold
Aim: a kobold, wielding a dagger (resting)
The zap hits the kobold.
The kobold is moderately wounded.
The kobold shouts!
Casting: Shock
Confirm with . or Enter, or press ? or * to list all spells.
You don't have enough magic to cast that spell.
There is an open door here.
Casting: Shock
Confirm with . or Enter, or press ? or * to list all spells.
Aiming: Shock
Press: ? - help, Shift-Dir - straight line, p - kobold The zap hits the kobold.
The kobold is moderately wounded.
The zap hits the kobold.
The kobold is heavily wounded.
A giant cockroach comes into view.
Casting: Shock
Confirm with . or Enter, or press ? or * to list all spells.
Aiming: Shock
Press: ? - help, Shift-Dir - straight line The zap misses the kobold. x2; The kobold barely misses you.
Casting: Shock
Confirm with . or Enter, or press ? or * to list all spells.
You don't have enough magic to cast that spell.
Casting: Shock
Confirm with . or Enter, or press ? or * to list all spells.
Aiming: Shock
Press: ? - help, Shift-Dir - straight line The zap hits the kobold.
You kill the kobold!
Okawaru accepts your kill. The giant cockroach closely misses you.
There is an open door here.
Casting: Shock
Confirm with . or Enter, or press ? or * to list all spells.
Aiming: Shock
Press: ? - help, Shift-Dir - straight line The zap misses the giant cockroach. x2; The giant cockroach bites you.
The giant cockroach closely misses you. The giant cockroach misses you.
You see here a scroll labeled PIT VIFY UCW.
m - a scroll labeled PIT VIFY UCW The giant cockroach completely misses you.
You open the door.
The giant cockroach completely misses you.
The giant cockroach bites you but does no damage.
There is an open door here.
An adder comes into view.
The adder hisses angrily.
A goblin comes into view.
The goblin shouts!
The giant cockroach waves its antennae.
A goblin comes into view. 2 goblins come into view.
The goblin shouts! x3 3 goblins come into view.
The giant cockroach bites you but does no damage.
A goblin, a hobgoblin and Robin come into view.
Unknown command.
As you read the scroll labeled SEWKIR DUAN, it crumbles to dust.
The creatures around you are filled with an inner flame!
It was a scroll of immolation.
The goblin shouts!
The giant cockroach bites you but does no damage.
An orc comes into view. It is wielding a mace.
The adder completely misses you. The adder bites you.
You are poisoned.
The adder poisons you!
The giant cockroach bites you but does no damage.
Okay, then.
You feel sick.
Casting: Shock
Confirm with . or Enter, or press ? or * to list all spells.
Aiming: Shock
Press: ? - help, Shift-Dir - straight line The zap misses the adder.
The zap hits the goblin.
The goblin explodes!
The fiery explosion engulfs the giant cockroach.
The giant cockroach explodes!
The fiery explosion engulfs the adder.
You kill the adder!
Okawaru accepts your kill.
Your Conjurations skill increases to level 2!
The fiery explosion engulfs you!
Ouch! That really hurt!
You die...

... ##+## #g#
##...## #.#####
##.†...## #.....#
##.......## #g#.#.#
#.........###g.§§.##
'.........'...§§§..#
#.........##..§§§§.#
##.......###..§§@..#
##.....## #.......#
##...## #.......#
##+## #.......#
#####.# #.......#
......# #####.###
#.<####### #.#
####.......†# #.#
..#.....##..#


You could see 2 goblins.

Vanquished Creatures
  An adder (D:3)
  A worm (D:2)
  3 hobgoblins (D:1)
  A quokka (D:2)
  2 bats
  2 goblins
  4 kobolds
  3 rats
17 creatures vanquished.

Notes
Turn   | Place    | Note
-------+----------+-------------------------------------------
     0 | D:1      | tidbits the High Elf Air Elementalist began the quest for the Orb.
     0 | D:1      | Reached XP level 1. HP: 11/11 MP: 4/4
   271 | D:1      | Reached skill level 4 in Air Magic
   297 | D:2      | Found an iron altar of Okawaru.
   343 | D:2      | Found a bloodstained altar of Trog.
   350 | D:2      | Became a worshipper of Warmaster Okawaru
   394 | D:2      | Reached XP level 2. HP: 17/17 MP: 0/6
   579 | D:3      | Noticed Robin
   585 | D:3      | Reached skill level 2 in Conjurations
   585 | D:3      | Killed from afar by a giant cockroach

Skill      XL: |  1  2 |
---------------+-------+-----
Air Magic      | 4 |  4.2
Conjurations   | 2 |  2.1
Dodging        | |  2.1
Stealth        | |  2.1
Spellcasting   | |  2.8

Action                   || total
-------------------------++-------
 Cast: Shock             ||    34
  Use: Scroll            ||     1
Armor: Robe              ||     4
Dodge: Dodged            ||    11

Table legend:
 A = Turns spent in this place as a percentage of turns spent in the entire game.
 B = Non-inter-level travel turns spent in this place as a percentage of non-inter-level travel turns spent in the entire game.
 C = Inter-level travel turns spent in this place as a percentage of turns spent in this place.
 D = Turns resting spent in this place as a percentage of non-inter-level travel turns spent in this place.
 E = Turns spent auto-exploring this place as a percentage of non-inter-level travel turns spent in this place.
 F = Non-inter-level travel turns spent in this place divided by the number of levels of this place that you've seen.
                   A       B       C       D       E      F
               +-------+-------+-------+-------+-------+----------------------
         Total | 100.0 | 100.0 |   0.0 |   0.0 |   0.0 | 181.7
       Dungeon | 100.0 | 100.0 |   0.0 |   0.0 |   0.0 | 181.7
               +-------+-------+-------+-------+-------+----------------------

Table legend:
 A = Kills in this place as a percentage of kills in entire the game.
 B = Kills by you in this place as a percentage of kills by you in the entire game.
 C = Kills by friends in this place as a percentage of kills by friends in the entire game.
 D = Other kills in this place as a percentage of other kills in the entire game.
 E = Experience gained in this place as a percentage of experience gained in the entire game.
 F = Experience gained in this place divided by the number of levels of this place that you have seen.
                   A       B       C       D       E      F
               +-------+-------+-------+-------+-------+----------------------
         Total | 100.0 | 100.0 |  -nan |  -nan | 100.0 |  13.0
       Dungeon | 100.0 | 100.0 |  -nan |  -nan | 100.0 |  13.0
               +-------+-------+-------+-------+-------+----------------------

Vault maps used:
D:1:      dpeg_arrival_long_road
D:2:      gammafunk_temple_overflow_pools, nemelex_xobeh_ov_fountains_minmay,
          uniq_natasha
D:3:      uniq_robin
